[Event "ICC tourney 1954 (60 10)"]
[Site "Internet Chess Club"]
[Date "2020.08.07"]
[Round "2"]
[White "Electryon"]
[Black "SukrutN"]
[Result "0-1"]
[ICCResult "White resigns"]
[WhiteElo "1359"]
[BlackElo "1184"]
[Opening "English opening"]
[ECO "A38"]
[NIC "EO.27"]
[Time "15:30:49"]
[TimeControl "3600+10"]

1. Nf3 Nf6 2. c4 c5 3. g3 Nc6 4. Bg2 g6 5. O-O Bg7 6. Nc3 O-O 7. e3 d6 8. d4
Bg4 9. h3 Bf5 10. Rb1 Bxb1 11. Nxb1 cxd4 12. exd4 b6 13. Ne1 Na5 14. Bxa8
Qxa8 15. b3 Qc8 16. Qf3 Qxh3 17. Bd2 Ng4 18. Qg2 Qxg2+ 19. Kxg2 Bxd4 20. Nd3
Be5 21. Nb4 h5 22. Nc3 Bxc3 23. Bxc3 Nb7 24. Nc6 f6 25. Nxe7+ Kf7 26. Nc6 a5
27. Re1 Rc8 28. Re7+ Kf8 29. Na7 Rxc4 30. Rxb7 Rxc3 31. Rxb6 Rc2 32. a4
Rxf2+ 33. Kg1 Rf3 34. Kg2 Rf2+ 35. Kg1 Ke7 36. Nc6+ Kd7 37. Nxa5 Rf3 38. Kg2
Ne5 39. Nc4 Nxc4 40. bxc4 Rc3 41. Rb4 Kc6 42. a5 Ra3 43. Rb6+ Kc5 44. Ra6
Ra2+ 45. Kh3 Ra4 46. Ra8 Kxc4 47. a6 d5 48. a7 Kd4 49. g4 hxg4+ 50. Kxg4
Kd3+ 51. Kf3 d4 52. Kf4 Kd2 53. Kf3 d3 54. Kf2 f5 55. Rg8 Rxa7 56. Rxg6 Kc1
57. Ke1 d2+ 58. Ke2 d1=Q+ {White resigns} 0-1

[Event "ICC tourney 1954 (60 10)"]
[Site "Internet Chess Club"]
[Date "2020.08.07"]
[Round "2"]
[White "royayush"]
[Black "amdink"]
[Result "0-1"]
[ICCResult "White checkmated"]
[WhiteElo "1295"]
[BlackElo "1107"]
[Opening "Grünfeld: Stockholm variation"]
[ECO "D80"]
[NIC "GI.03"]
[Time "15:30:06"]
[TimeControl "3600+10"]

1. d4 Nf6 2. c4 g6 3. Nc3 d5 4. Bg5 c6 5. Bxf6 exf6 6. Nf3 Bg7 7. e3 O-O 8.
cxd5 cxd5 9. Be2 Nc6 10. O-O Re8 11. Qb3 Ne7 12. Rad1 b6 13. Bb5 Bd7 14.
Nxd5 Bxb5 15. Nxe7+ Rxe7 16. Qxb5 a6 17. Qb3 b5 18. Rfe1 Rc8 19. d5 f5 20.
Nd4 Bxd4 21. Rxd4 Qb6 22. Red1 g5 23. d6 Rd7 24. Qd5 Rc5 25. Qf3 Re5 26. h3
h6 27. g4 fxg4 28. Qxg4 Re6 29. h4 a5 30. hxg5 hxg5 31. Qxg5+ Rg6 32. Qxg6+
fxg6 33. e4 Kf7 34. Rd5 Qc6 35. Kg2 Ke6 36. Kf3 Qc8 37. Ke3 Qd8 38. f4 Qh4
39. f5+ gxf5 40. exf5+ Kf6 41. R5d4 Qg3+ 42. Ke4 Qg4+ 43. Ke3 Qh3+ 44. Ke2
Qg2+ 45. Ke3 Qxb2 46. R1d2 Qc3+ 47. R2d3 Qe1+ 48. Kf3 Kxf5 49. Rf4+ Kg5 50.
Rg4+ Kh6 51. Kf4 Qf2+ 52. Rf3 Qd4+ 53. Kg3 Qxd6+ 54. Rff4 Rf7 55. Rh4+ Kg7
56. Rg4+ Kf8 57. Kf3 Qd5+ 58. Ke3 Qxa2 59. Rd4 Qb3+ 60. Kd2 Rf2+ 61. Ke1
Qe3+ 62. Kd1 Qe2+ 63. Kc1 Qc2# {White checkmated} 0-1

[Event "ICC tourney 1954 (60 10)"]
[Site "Internet Chess Club"]
[Date "2020.08.07"]
[Round "2"]
[White "FischerInThe90s"]
[Black "Anishkor"]
[Result "1/2-1/2"]
[ICCResult "Game drawn by repetition"]
[WhiteElo "1176"]
[BlackElo "1313"]
[Opening "QGD: 4.Nf3"]
[ECO "D37"]
[NIC "QO.16"]
[Time "15:31:02"]
[TimeControl "3600+10"]

1. d4 Nf6 2. c4 d5 3. Nc3 e6 4. Nf3 Nbd7 5. Bg5 Bb4 6. Qc2 h6 7. Bf4 Be7 8.
e3 b6 9. Be2 a6 10. cxd5 exd5 11. a3 c5 12. dxc5 Nxc5 13. b4 Ne6 14. Be5 Bd6
15. Bxf6 Qxf6 16. O-O Bb7 17. Rfd1 Rc8 18. Nxd5 Rxc2 19. Nxf6+ gxf6 20. Rxd6
Rxe2 21. Rxb6 Bc8 22. Rb8 Ke7 23. Rc1 Ra2 24. g3 Kd7 25. Rc3 Rg8 26. Kg2 f5
27. Ne5+ Kd6 28. Nxf7+ Kd7 29. Ne5+ Kd6 30. Nf7+ Kd7 31. Ne5+ Kd6 32. Nf7+
Kd7 33. Ne5+ Kd6 34. Nf7+ Kd7 35. Ne5+ Kd6 36. Nf7+ Kd7 37. Ne5+ Kd6 38.
Nf7+ Kd7 39. Ne5+ Kd6 40. Nf7+ Kd7 41. Ne5+ Kd6 42. Nf7+ Kd7 43. Ne5+ Kd6
44. Nf7+ {Game drawn by repetition} 1/2-1/2

[Event "ICC tourney 1954 (60 10)"]
[Site "Internet Chess Club"]
[Date "2020.08.07"]
[Round "2"]
[White "aec7r3b"]
[Black "pranavg03"]
[Result "0-1"]
[ICCResult "White checkmated"]
[WhiteElo "1342"]
[BlackElo "1266"]
[Opening "Sicilian"]
[ECO "B54"]
[NIC "SI.01"]
[Time "15:30:15"]
[TimeControl "3600+10"]

1. e4 c5 2. Nf3 d6 3. d4 cxd4 4. Nxd4 e5 5. Nb3 Nc6 6. Nc3 Nf6 7. f3 h6 8.
Be3 Be6 9. Qd2 Be7 10. O-O-O a6 11. g4 Qc7 12. Bg2 Na5 13. Nxa5 Qxa5 14. Kb1
Rc8 15. h4 Nd7 16. g5 h5 17. f4 Bg4 18. Rdf1 O-O 19. Nd5 Qd8 20. Nxe7+ Qxe7
21. Qd5 Rc6 22. f5 Kh8 23. Qb3 b5 24. Qd5 Rfc8 25. Bf3 Bxf3 26. Rxf3 Rxc2
27. Qc6 R2xc6 28. Rd1 f6 29. g6 Nb6 30. Rg1 Nc4 31. Bf2 Qc7 32. Rf1 Nd2+ 33.
Ka1 Rc1+ 34. Rxc1 Qxc1# {White checkmated} 0-1

[Event "ICC tourney 1954 (60 10)"]
[Site "Internet Chess Club"]
[Date "2020.08.07"]
[Round "2"]
[White "joshhansen7"]
[Black "DimSum17"]
[Result "0-1"]
[ICCResult "White resigns"]
[WhiteElo "268"]
[BlackElo "927"]
[Opening "Caro-Kann: advance variation"]
[ECO "B12"]
[NIC "CK.04"]
[Time "15:29:57"]
[TimeControl "3600+10"]

1. e4 c6 2. d4 d5 3. e5 Bf5 4. f4 h6 5. h4 e6 6. Be2 Nd7 7. Bd2 Qb6 8. b3 c5
9. dxc5 Bxc5 10. Nf3 Ne7 11. Rf1 Rc8 12. Bd3 Bd4 13. Bc3 Bxc3+ 14. Nxc3 Rxc3
15. Qd2 Bxd3 16. Qxc3 Qe3+ 17. Kd1 Qe2+ 18. Kc1 Qxf1+ 19. Ne1 Qxf4+ 20. Kb2
Bg6 21. Nd3 Bxd3 22. cxd3 Qxe5 23. d4 Qe2+ 24. Ka3 Qxg2 25. Rc1 O-O 26. Qc7
Qd2 27. Rc2 Qxd4 28. Qxd7 Qxh4 29. Qxb7 d4 30. Rc4 e5 31. Qc7 Ng6 32. Qd7
Qe7+ 33. Qxe7 Nxe7 34. Rc7 Nc8 35. Rd7 f5 36. Rd5 Re8 37. Rd7 Kh7 38. Rf7
Kg6 39. Rc7 d3 40. Rc6+ Kg5 41. Rc3 d2 42. Rg3+ Kf4 43. Rg1 g5 44. Kb2 Ke3
45. Kc2 Rd8 46. Rg3+ Kf2 47. Rf3+ Kxf3 {White resigns} 0-1

[Event "ICC tourney 1954 (60 10)"]
[Site "Internet Chess Club"]
[Date "2020.08.07"]
[Round "2"]
[White "meisterpatzer"]
[Black "dtoledo"]
[Result "1-0"]
[ICCResult "Black resigns"]
[WhiteElo "1351"]
[BlackElo "1063"]
[Opening "Réti opening"]
[ECO "A04"]
[NIC "QP.10"]
[Time "15:30:33"]
[TimeControl "3600+10"]

1. Nf3 c5 2. g3 d6 3. Bg2 Nc6 4. O-O Nf6 5. d3 g6 6. e4 Bg7 7. Nbd2 O-O 8.
Re1 Bd7 9. e5 dxe5 10. Nxe5 Nxe5 11. Rxe5 Ng4 12. Re4 f5 13. Re2 Bd4 14.
Bxb7 Rb8 15. Bf3 Bxf2+ 16. Rxf2 Nxf2 17. Kxf2 Be6 18. Qe2 Kf7 19. Nc4 Bxc4
20. dxc4 Qd4+ 21. Kg2 e5 22. Bd5+ Kf6 23. c3 {Black resigns} 1-0

[Event "ICC tourney 1954 (60 10)"]
[Site "Internet Chess Club"]
[Date "2020.08.07"]
[Round "2"]
[White "FishBoy"]
[Black "shawnchicken"]
[Result "1-0"]
[ICCResult "Black resigns"]
[WhiteElo "1229"]
[BlackElo "1238"]
[Opening "Queen's pawn game"]
[ECO "A46"]
[NIC "QP.05"]
[Time "15:30:12"]
[TimeControl "3600+10"]

1. d4 Nf6 2. Nf3 e6 3. Bf4 d5 4. e3 c5 5. Nbd2 Nc6 6. c3 Be7 7. Bd3 h6 8.
O-O g5 9. Bg3 g4 10. Ne5 h5 11. f3 h4 12. Bf2 g3 13. hxg3 h3 14. Nxc6 bxc6
15. gxh3 Rxh3 16. Kg2 Rh8 17. Rh1 Rg8 18. Rh2 Qc7 19. Qh1 Bd7 20. Rh8 O-O-O
21. Rxg8 Rxg8 22. Kf1 Qd8 23. Ke2 Bd6 24. f4 Rh8 25. Qg2 Rg8 26. Rh1 Ng4 27.
Rh4 Nxe3 28. Qf3 Nf5 29. Bxf5 exf5 30. Kd1 cxd4 31. Bxd4 c5 32. Be5 Bxe5 33.
fxe5 Bc6 34. Qxf5+ Bd7 35. Qxf7 Rxg3 36. Rh1 Re3 37. Qf2 d4 38. cxd4 cxd4
39. Re1 Bg4+ 40. Kc1 Qc7+ 41. Kb1 Bf5+ 42. Ka1 Qxe5 43. Rc1+ Kb8 44. Nc4 Qc5
45. Qh2+ Ka8 46. Qh8+ Kb7 47. Qh6 Re8 48. Nd6+ Kb8 49. Rxc5 {Black resigns}
1-0

[Event "ICC tourney 1954 (60 10)"]
[Site "Internet Chess Club"]
[Date "2020.08.07"]
[Round "2"]
[White "Tiger2010"]
[Black "Maximusiv"]
[Result "0-1"]
[ICCResult "White resigns"]
[WhiteElo "668"]
[BlackElo "1047"]
[Opening "Scandinavian defense"]
[ECO "B01"]
[NIC "SD.03"]
[Time "15:30:10"]
[TimeControl "3600+10"]

1. e4 d5 2. exd5 Nf6 3. c4 Bg4 4. f3 Bf5 5. Nc3 Qd6 6. d3 Nbd7 7. Nge2 O-O-O
8. Bf4 Qb6 9. Qd2 Nc5 10. Ne4 e6 11. Nxc5 Qxc5 12. b4 Qxb4 13. Qxb4 Bxb4+
14. Bd2 Bxd2+ 15. Kxd2 exd5 16. cxd5 Rxd5 17. Nf4 Rd4 18. g4 Rxf4 19. gxf5
Rxf3 20. Ke2 Rf4 21. Bg2 Re8+ 22. Be4 Nxe4 23. dxe4 Rfxe4+ 24. Kf3 c5 25.
Rhd1 c4 26. Rac1 b5 27. Rd2 Kc7 28. Rd5 R8e5 29. Rd2 b4 30. Rb2 a5 31. Rb3
Kb6 32. a4 cxb3 33. Rb1 Re3+ 34. Kf4 R5e4+ 35. Kg5 Rc4 36. h4 Rc2
{White resigns}
0-1

[Event "ICC tourney 1954 (60 10)"]
[Site "Internet Chess Club"]
[Date "2020.08.07"]
[Round "2"]
[White "Kyle45"]
[Black "thihansa"]
[Result "1-0"]
[ICCResult "Black checkmated"]
[WhiteElo "269"]
[BlackElo "1108"]
[Opening "French: advance, Nimzovich system"]
[ECO "C02"]
[NIC "FR.03"]
[Time "15:30:01"]
[TimeControl "3600+10"]

1. e4 e6 2. d4 d5 3. e5 c5 4. Nf3 Nc6 5. Bb5 Bd7 6. Bxc6 Bxc6 7. O-O Qb6 8.
b3 Ne7 9. Be3 Nf5 10. Qd2 Nxe3 11. fxe3 Be7 12. Nc3 cxd4 13. exd4 Qd8 14.
Rae1 O-O 15. Ne2 Qb6 16. Kh1 Bb5 17. Rf2 Bxe2 18. Qxe2 Rac8 19. Rc1 f6 20.
c4 fxe5 21. c5 Qd8 22. Qxe5 Qd7 23. Re2 Rc6 24. Rce1 Bf6 25. Qg3 Bd8 26. Ne5
Qe7 27. Nxc6 Qf7 28. h3 bxc6 29. Rxe6 Bc7 30. Qf3 Qd7 31. Qe2 Bg3 32. Rd1
Bf4 33. Re7 Qd8 34. Rf1 Bg5 35. Qe6+ Kh8 36. Rxf8+ Qxf8 37. Re8 Be7 38. Qxe7
Qxe8 39. Qxe8# {Black checkmated} 1-0

[Event "ICC tourney 1954 (60 10)"]
[Site "Internet Chess Club"]
[Date "2020.08.07"]
[Round "2"]
[White "MathWizKidA"]
[Black "Cougar2020"]
[Result "0-1"]
[ICCResult "White checkmated"]
[WhiteElo "1225"]
[BlackElo "1157"]
[Opening "QGD semi-Slav"]
[ECO "D43"]
[NIC "SL.03"]
[Time "15:30:18"]
[TimeControl "3600+10"]

1. d4 d5 2. c4 c6 3. Nc3 Nf6 4. Nf3 e6 5. Bf4 a6 6. e3 Nbd7 7. Bd3 Be7 8.
Qc2 O-O 9. O-O h6 10. Rfe1 Re8 11. Ne5 c5 12. cxd5 exd5 13. Nxd7 Qxd7 14.
Rad1 Bd6 15. Bxd6 Qxd6 16. dxc5 Qxc5 17. Nxd5 Qxc2 18. Nxf6+ gxf6 19. Bxc2
Be6 20. Rd6 Rad8 21. Red1 Rxd6 22. Rxd6 Rc8 23. Rd2 Bxa2 24. h3 Bb1 25. Bxb1
Rc1+ 26. Kh2 Rxb1 27. Kg3 Kf8 28. Rc2 b5 29. Kf3 Ke7 30. Ke4 a5 31. Kd5 b4
32. Kc4 Kd6 33. Kb5 Ra1 34. b3 Rb1 35. Kxa5 Rxb3 36. Rc4 Rb2 37. Rxb4 Rxf2
38. Rf4 Rxf4 39. exf4 Ke6 40. Kb5 Kf5 41. Kc4 Kxf4 42. Kd3 Kg3 43. Ke4 Kxg2
44. h4 Kg3 45. Kf5 Kxh4 46. Kxf6 h5 47. Kf5 f6 48. Kf4 Kh3 49. Kf3 h4 50.
Kf2 Kg4 51. Kg2 f5 52. Kf2 f4 53. Kg2 f3+ 54. Kf2 h3 55. Kg1 Kg3 56. Kh1 Kf4
57. Kg1 Ke3 58. Kh2 f2 59. Kxh3 f1=Q+ 60. Kh2 Qf5 61. Kg3 Qf4+ 62. Kg2 Ke2
63. Kg1 Qg4+ 64. Kh2 Kf2 65. Kh1 Qg1# {White checkmated} 0-1

[Event "ICC tourney 1954 (60 10)"]
[Site "Internet Chess Club"]
[Date "2020.08.07"]
[Round "2"]
[White "tarunrswami"]
[Black "AD-chess"]
[Result "1-0"]
[ICCResult "Black checkmated"]
[WhiteElo "953"]
[BlackElo "1063"]
[Opening "Sicilian: Hungarian variation"]
[ECO "B34"]
[NIC "SI.33"]
[Time "15:30:50"]
[TimeControl "3600+10"]

1. e4 c5 2. Nf3 g6 3. d4 cxd4 4. Nxd4 Nc6 5. Nb5 Bg7 6. N1c3 Nf6 7. Bd3 O-O
8. Be3 d6 9. O-O Bd7 10. Re1 e6 11. Nxd6 Qc7 12. Bf4 a6 13. Qd2 Qb6 14. Na4
Qd4 15. Nc3 e5 16. Be2 exf4 17. Qxf4 Nb4 18. Red1 Qb6 19. Rd2 Nh5 20. Bxh5
gxh5 21. Nc4 Qc6 22. Ne5 Bxe5 23. Qxe5 Bg4 24. a3 Nxc2 25. Rxc2 Qg6 26. Nd5
Bf3 27. Ne7# {Black checkmated} 1-0

[Event "ICC tourney 1954 (60 10)"]
[Site "Internet Chess Club"]
[Date "2020.08.07"]
[Round "2"]
[White "ClydeChess"]
[Black "sakethdesu"]
[Result "0-1"]
[ICCResult "White resigns"]
[WhiteElo "1048"]
[BlackElo "881"]
[Opening "QGD: Ragozin variation"]
[ECO "D38"]
[NIC "NI.27"]
[Time "15:31:11"]
[TimeControl "3600+10"]

1. d4 d5 2. c4 e6 3. Nf3 Nf6 4. Nc3 Bb4 5. cxd5 Nxd5 6. Qc2 Nc6 7. e4 Nb6 8.
a3 Be7 9. Be3 O-O 10. Be2 Re8 11. O-O Bf8 12. Rad1 Qe7 13. Bg5 f6 14. Bh4 e5
15. d5 Nd8 16. Nb5 c6 17. d6 Qd7 18. Nc7 g5 19. Bg3 h5 20. h4 g4 21. Nxe8
Qxe8 22. Ne1 Nf7 23. f4 Bxd6 24. fxe5 fxe5 25. Rf6 Qe7 26. Rf1 Bd7 27. Nd3
c5 28. Qc1 Rc8 29. Qe3 c4 30. Nb4 Bc5 31. Rxf7 Qxf7 {White resigns} 0-1

[Event "ICC tourney 1954 (60 10)"]
[Site "Internet Chess Club"]
[Date "2020.08.07"]
[Round "2"]
[White "wulovechess"]
[Black "azhang123"]
[Result "1-0"]
[ICCResult "Black checkmated"]
[WhiteElo "1051"]
[BlackElo "1145"]
[Opening "French: advance, Wade variation"]
[ECO "C02"]
[NIC "FR.03"]
[Time "15:30:11"]
[TimeControl "3600+10"]

1. e4 e6 2. d4 d5 3. e5 c5 4. c3 Qb6 5. Nf3 Bd7 6. Be2 Bb5 7. Be3 Bxe2 8.
Qxe2 Nc6 9. Na3 cxd4 10. cxd4 Bxa3 11. bxa3 Qa5+ 12. Qd2 Qxa3 13. O-O Qe7
14. Rfc1 Qd7 15. Rc2 Nge7 16. Rac1 O-O 17. Qd3 Nb4 18. Rc7 Qxc7 19. Rxc7
Nxd3 20. Rxe7 b6 21. Rc7 Nb4 22. Bd2 Nxa2 23. Rc2 Nb4 24. Bxb4 Rfc8 25. Re2
a5 26. Bd6 b5 27. Bc5 a4 28. Ra2 b4 29. Bxb4 Rc1+ 30. Be1 a3 31. h3 Kf8 32.
Kh2 Rb1 33. Bc3 Rb3 34. Ba1 Ke7 35. Nd2 Rb4 36. Bc3 Rb5 37. f4 Kd7 38. g4
Kc6 39. Kg3 Rb7 40. Kf3 Kb5 41. Ke2 Rc7 42. Kd3 Ka4 43. Kc2 Rb8 44. Kd3 Rcc8
45. h4 Rh8 46. h5 g6 47. h6 Rhg8 48. g5 Rgc8 49. Ra1 Rc7 50. Ra2 Rcb7 51.
Kc2 Rc8 52. Kd3 Rcb8 53. Kc2 Rb6 54. Kc1 Rc8 55. Kc2 Rb7 56. Kd3 Rb6 57. Kc2
Rb4 58. Kd3 Rb7 59. Kc2 Rc6 60. Kd3 Rbc7 61. Nb1 Rxc3+ 62. Nxc3+ Kb3 63.
Rxa3+ Kxa3 64. Nb5+ Ka4 65. Nxc7 Kb3 66. Ne8 Kb2 67. Kd2 Kb3 68. Nf6 Kc4 69.
Ke3 Kc3 70. Nxh7 Kc4 71. Nf6 Kc3 72. h7 Kc4 73. h8=Q Kc3 74. Qc8+ Kb4 75.
Qc5+ Kb3 76. Kd2 Ka4 77. Qb6 Ka3 78. Qb5 Ka2 79. Qb4 Ka1 80. Kc2 Ka2 81.
Qa4# {Black checkmated} 1-0

[Event "ICC tourney 1954 (60 10)"]
[Site "Internet Chess Club"]
[Date "2020.08.07"]
[Round "2"]
[White "yayadream"]
[Black "minecraftchess"]
[Result "1/2-1/2"]
[ICCResult "Game drawn because neither player has mating material"]
[WhiteElo "1340"]
[BlackElo "1002"]
[Opening "Giuoco Piano"]
[ECO "C50"]
[NIC "IG.02"]
[Time "15:30:47"]
[TimeControl "3600+10"]

1. e4 e5 2. Nf3 Nc6 3. Bc4 Bc5 4. O-O Nf6 5. d3 O-O 6. Bg5 Be7 7. Nc3 Nb4 8.
Nxe5 d6 9. Nf3 Nc6 10. a3 Bg4 11. h3 Bxf3 12. Qxf3 Nd4 13. Qd1 Nc6 14. Ne2
Ne5 15. Ba2 c6 16. d4 Ned7 17. Qd3 Nb6 18. Rad1 d5 19. e5 Nfd7 20. Bxe7 Qxe7
21. c3 f6 22. exf6 Nxf6 23. Bb1 Rad8 24. Rfe1 Ne4 25. Ng3 Rfe8 26. f3 Qg5
27. Nxe4 dxe4 28. fxe4 c5 29. e5 g6 30. Ba2+ Kg7 31. Rf1 Kh8 32. Qe4 cxd4
33. cxd4 Rd7 34. e6 Rde7 35. Rf7 Rxf7 36. exf7 Rf8 37. Qxb7 h5 38. Qxa7 Nc8
39. Qc5 Qd8 40. Qe5+ Kh7 41. Qf4 Kg7 42. Bb1 Rxf7 43. Qe5+ Kh6 44. d5 Re7
45. Qf4+ Kg7 46. Qg5 Re1+ 47. Rxe1 Qxg5 48. Rf1 Qxd5 49. Kh1 Nd6 50. b4 Nf5
51. Bxf5 gxf5 52. a4 Kg6 53. b5 Qc4 54. Ra1 f4 55. b6 Qe4 56. a5 f3 57. gxf3
Qxf3+ 58. Kh2 h4 59. a6 Qf2+ 60. Kh1 Qxb6 61. a7 Qe6 62. a8=Q Qxh3+ 63. Kg1
Qe3+ 64. Kf1 Qh3+ 65. Ke1 Qg3+ 66. Ke2 Qe5+ 67. Kd3 Qb5+ 68. Kd4 Qb2+ 69.
Kd5 Qg2+ 70. Ke6 Qxa8 71. Rxa8 Kg5 72. Rg8+ Kf4 73. Kf6 h3 74. Ke6 h2 75.
Rg2 h1=Q 76. Rf2+ Kg3 77. Rf6 Qc6+ 78. Kf5 Qf3+ 79. Ke6 Qb3+ 80. Ke5 Qc4 81.
Rg6+ Kf3 82. Rf6+ Ke3 83. Re6 Kd3 84. Rd6+ Ke2 85. Re6 Qd3 86. Kf4+ Kf1 87.
Ke5 Qf3 88. Rf6 Qxf6+ 89. Kxf6
{Game drawn because neither player has mating material}
1/2-1/2

[Event "ICC tourney 1954 (60 10)"]
[Site "Internet Chess Club"]
[Date "2020.08.07"]
[Round "2"]
[White "chesspanda0610"]
[Black "jxfan1"]
[Result "1/2-1/2"]
[ICCResult "Game drawn by repetition"]
[WhiteElo "594"]
[BlackElo "1080"]
[Opening "Giuoco Piano"]
[ECO "C54"]
[NIC "IG.02"]
[Time "15:30:06"]
[TimeControl "3600+10"]

1. e4 e5 2. Nf3 Nc6 3. Bc4 Bc5 4. c3 Nf6 5. d4 exd4 6. cxd4 Bb4+ 7. Bd2
Bxd2+ 8. Nbxd2 d5 9. exd5 Nxd5 10. O-O O-O 11. Rc1 Be6 12. Nb3 Qd7 13. Nc5
Qc8 14. Re1 Re8 15. Nxe6 fxe6 16. a3 Nb6 17. Bb3 Kh8 18. Ng5 Nd8 19. Qf3 Qd7
20. Qh3 h6 21. Nf3 c6 22. Rc5 Nd5 23. Ne5 Qd6 24. Ng6+ Kg8 25. Qh5 b6 26.
Rcc1 Nf6 27. Qh3 Qxd4 28. Bxe6+ Nxe6 29. Rxe6 Qxb2 30. Rexc6 Ne4 31. Rf1
Nxf2 32. Qf3 Ne4 33. Qf7+ Kh7 34. Rc7 Ng5 35. Qf5 Rad8 36. Ne7+ Kh8 37. Ng6+
Kg8 38. Ne7+ Kh8 39. Ng6+ Kh7 40. Ne7+ Kh8 41. Ng6+ Kh7 42. Ne7+ Kh8 43.
Ng6+ Kh7 44. Ne7+ Kh8 45. Ng6+ Kh7 46. Ne7+ Kh8 47. Ng6+ Kg8 48. Ne7+ Kh8
49. Ng6+ Kg8 50. Ne7+ Kh8 51. Ng6+ Kh7 52. Nf8+ Kg8 53. Ng6 Rd2 54. Ne7+ Kh8
55. Ng6+ Kh7 56. Ne7+ Kh8 57. Ng6+ Kg8 58. Ne7+ Kh8 59. Ng6+ Kh7 60. Ne7+
Kh8 61. Ng6+ Kh7 62. Ne7+ Kh8 63. Ng6+ Kh7 64. Ne7+ Kh8 65. Ng6+ Kg8 66.
Ne7+ Kh8 67. Ng6+ Kh7 68. Ne7+ Kh8 69. Ng6+ Kh7 70. Ne7+ Kh8 71. Ng6+ Kg8
72. Ne7+ Kh8 73. Ng6+ Kg8 74. Ne7+ Kh8 75. Ng6+ Kh7 76. Ne7+ Kh8 77. Ng6+
Kg8 78. Ne7+ Kh8 79. Ng6+ Kh7 80. Ne7+ Kh8 81. Ng6+ Kg8 82. Ne7+ Kh8 83.
Ng6+ Kh7 84. Ne7+ Kh8 85. Ng6+ Kg8 86. Ne7+ Kh8 87. Ng6+ Kh7 88. Ne7+ Kh8
89. Ng6+ Kh7 90. Ne7+ Kh8 91. Ng6+ Kg8 92. Ne7+ Kh8 93. Ng6+ Kh7 94. Ne7+
Kh8 95. Ng6+ Kh7 96. Ne7+ Kh8 97. Ng6+ Kg8 98. Ne7+ Kh8 99. Ng6+ Kh7 100.
Ne7+ Kh8 101. Ng6+ Kh7 102. Ne7+ Kh8 103. Ng6+ Kg8 104. Ne7+ Kh8 105. Ng6+
Kh7 106. Ne7+ Kh8 107. Ng6+ Kh7 108. Ne7+ Kh8 109. Ng6+ Kg8 110. Ne7+ Kh8
111. Ng6+ Kh7 112. Ne7+ Kh8 113. Ng6+ Kg8 114. Ne7+ Kh8 115. Ng6+ Kg8 116.
Ne7+ {Game drawn by repetition} 1/2-1/2

[Event "ICC tourney 1954 (60 10)"]
[Site "Internet Chess Club"]
[Date "2020.08.07"]
[Round "2"]
[White "sskavin14"]
[Black "Vidipkona"]
[Result "0-1"]
[ICCResult "White checkmated"]
[WhiteElo "887"]
[BlackElo "1260"]
[Opening "Sicilian"]
[ECO "B50"]
[NIC "SI.01"]
[Time "15:31:11"]
[TimeControl "3600+10"]

1. e4 c5 2. Nf3 d6 3. Nc3 Nf6 4. h3 a6 5. a4 e6 6. Bc4 Be7 7. b3 Nc6 8. Ba3
O-O 9. O-O Bd7 10. Re1 Rc8 11. Bd3 h6 12. Ne2 Qc7 13. c4 Rcd8 14. Qc2 Bc8
15. Rad1 b6 16. Nc3 Bb7 17. Rb1 Nb4 18. Bxb4 cxb4 19. Na2 a5 20. Nd4 Nd7 21.
Nb5 Qb8 22. Be2 Nc5 23. d3 e5 24. Bg4 Ne6 25. Nc1 Bf6 26. Ne2 Rc8 27. Ng3 g6
28. Qd2 Bg7 29. Qe3 Ba6 30. Red1 Bxb5 31. cxb5 Rc5 32. Ne2 Qc7 33. Bf3 Rc8
34. Bg4 Re8 35. Ng3 Rc3 36. Ne2 Rc5 37. Rdc1 h5 38. Bf3 Kh7 39. Rd1 Bh6 40.
Nf4 Nxf4 41. Qe1 Ne6 42. Kh2 Nd4 43. Be2 Rc2 44. Bf3 Nxf3+ 45. gxf3 Qc5 46.
Kg1 Rxf2 47. Kh1 Rxf3 48. Kg2 Rf6 49. Qh4 Qc2+ 50. Kh1 Rf2 51. Qg3 Bf4 52.
Qg1 Rh2+ 53. Qxh2 Qxh2# {White checkmated} 0-1

[Event "ICC tourney 1954 (60 10)"]
[Site "Internet Chess Club"]
[Date "2020.08.07"]
[Round "2"]
[White "SonicTrist"]
[Black "Jaguarking"]
[Result "0-1"]
[ICCResult "White checkmated"]
[WhiteElo "1277"]
[BlackElo "1249"]
[Opening "Two knights defense (Modern bishop's opening)"]
[ECO "C55"]
[NIC "IG.01"]
[Time "15:30:46"]
[TimeControl "3600+10"]

1. e4 e5 2. Nf3 Nc6 3. Bc4 Nf6 4. d3 h6 5. c3 a5 6. Be3 Be7 7. Qc2 O-O 8. d4
exd4 9. Nxd4 d5 10. exd5 Nxd5 11. Nxc6 bxc6 12. Bxd5 cxd5 13. O-O Bd6 14.
Nd2 Bb7 15. Nf3 d4 16. Nxd4 Qh4 17. h3 Be4 18. Qd2 Qf6 19. Ne2 Qg6 20. Ng3
Bb7 21. Bf4 Rfd8 22. Bxd6 Rxd6 23. Qf4 h5 24. Qf5 h4 25. Qxg6 Rxg6 26. Rad1
hxg3 27. fxg3 Rxg3 28. Rf2 Ra6 29. Rd8+ Kh7 30. Rb8 Bd5 31. Rb5 Be4 32. Re5
f5 33. Kf1 Rag6 34. Ke1 Rxg2 35. Rxg2 Rxg2 36. Rxa5 Rxb2 37. a4 Ra2 38. Rc5
c6 39. a5 g5 40. c4 Bg2 41. Rxf5 Kg6 42. Rc5 Kh5 43. Kd1 Bxh3 44. Rxc6 Rxa5
45. Rb6 Rc5 46. Rb4 Bf1 47. Ke1 Rxc4 48. Rxc4 Bxc4 49. Kf2 g4 50. Kg3 Kg5
51. Kh2 Kh4 52. Kg2 g3 53. Kg1 Bd5 54. Kf1 g2+ 55. Kf2 Kh3 56. Kg1 Bc6 57.
Kf2 Kh2 58. Ke2 g1=Q 59. Kd2 Qf2+ 60. Kd3 Bb5+ 61. Kc3 Qe3+ 62. Kb4 Bc6 63.
Kc4 Qe4+ 64. Kc3 Kg2 65. Kd2 Kf2 66. Kc3 Ke2 67. Kb2 Qc4 68. Ka1 Qb4 69. Ka2
Kd2 70. Ka1 Kc2 71. Ka2 Qa4# {White checkmated} 0-1

[Event "ICC tourney 1954 (60 10)"]
[Site "Internet Chess Club"]
[Date "2020.08.07"]
[Round "2"]
[White "edikiscool"]
[Black "charlestxie"]
[Result "0-1"]
[ICCResult "White resigns"]
[WhiteElo "916"]
[BlackElo "1317"]
[Opening "French: exchange variation"]
[ECO "C01"]
[NIC "FR.01"]
[Time "15:31:07"]
[TimeControl "3600+10"]

1. e4 e6 2. d4 d5 3. exd5 exd5 4. Nf3 Nf6 5. Nc3 Be7 6. Be2 O-O 7. O-O c6 8.
Re1 h6 9. Bf4 Nbd7 10. Qd2 Re8 11. Bd3 Bb4 12. Rxe8+ Qxe8 13. Re1 Qd8 14.
Bxh6 gxh6 15. Qxh6 Qf8 16. Re8 Qxe8 17. Ng5 Qe1+ 18. Bf1 Bf8 19. Qh4 Bg7 20.
Ne2 Nf8 21. f3 Qxh4 {White resigns} 0-1

[Event "ICC tourney 1954 (60 10)"]
[Site "Internet Chess Club"]
[Date "2020.08.07"]
[Round "2"]
[White "wonderwoman"]
[Black "diamondearring"]
[Result "1-0"]
[ICCResult "Black checkmated"]
[WhiteElo "1317"]
[BlackElo "895"]
[Opening "French: Labourdonnais variation"]
[ECO "C00"]
[NIC "FR.01"]
[Time "15:30:35"]
[TimeControl "3600+10"]

1. e4 e6 2. f4 d5 3. exd5 exd5 4. Nf3 c5 5. Bb5+ Bd7 6. Bxd7+ Qxd7 7. O-O
Bd6 8. Re1+ Ne7 9. d4 c4 10. Nc3 O-O 11. a4 Nbc6 12. Bd2 Ng6 13. Nxd5 Qf5
14. Nc3 Bxf4 15. Bxf4 Nxf4 16. Rf1 Rad8 17. d5 Ne7 18. Nd4 Qg6 19. Rxf4 Nxd5
20. Nxd5 Rxd5 21. c3 Rfd8 22. Qf3 Qd6 23. Rf1 f6 24. Nf5 Qf8 25. Qg3 Rd1 26.
Ne3 Rxf1+ 27. Kxf1 Rd3 28. Rd4 Rxd4 29. cxd4 f5 30. Qf4 g6 31. Nxc4 Qb4 32.
Qb8+ Kg7 33. Ne5 Qxb2 34. Qc7+ Kh6 35. Nf7+ Kh5 36. g4+ fxg4 37. Qe5+ Kh4
38. Qe1+ Kh5 39. Qe5+ Kh4 40. Qg5+ Kh3 41. Qh6# {Black checkmated} 1-0

[Event "ICC tourney 1954 (60 10)"]
[Site "Internet Chess Club"]
[Date "2020.08.07"]
[Round "2"]
[White "CajunWyoCowboy"]
[Black "traycon"]
[Result "0-1"]
[ICCResult "White resigns"]
[WhiteElo "1234"]
[BlackElo "950"]
[Opening "French: Swiss variation"]
[ECO "C11"]
[NIC "FR.04"]
[Time "15:30:58"]
[TimeControl "3600+10"]

1. e4 e6 2. d4 d5 3. Nc3 Nf6 4. Bd3 c5 5. dxc5 Bxc5 6. e5 Nfd7 7. Nf3 Nc6 8.
Bf4 a6 9. O-O O-O 10. a3 f6 11. exf6 Nxf6 12. Bg5 Qc7 13. b4 Ba7 14. Qd2 Nd4
15. Bf4 Nxf3+ 16. gxf3 Qe7 17. Rfe1 Nh5 18. Bg5 Qc7 19. Be2 Nf4 20. Bxf4
Rxf4 21. Nd1 Bb8 22. Ne3 Rd4 23. Ng4 Rxd2 {White resigns} 0-1